Map: [ESL] Dragon Scales

Players

Oliveira

  • Race: Terran Terran

Reynor - Winner!

  • Race: Zerg Zerg

Event: IEM Katowice 2023

VOD

Have the link to the VOD?

Description

Time

  • Played on: Feb. 12, 2023, 8:05 a.m.
  • Length: 16:45

All games in this series

Show
View Real Time Build Order
Export as new Build Order

Oliveira Terran 

Build Orders: Reaper Expand 

Get SALT Encoding   

  12  0:00  SCV  
  13  0:12  SCV  
  14  0:17  Supply Depot  
  14  0:25  SCV  
  15  0:39  SCV  
  15  0:41  Barracks  
  16  0:43  Refinery  
  16  0:51  SCV  
  17  1:03  SCV  
  18  1:15  SCV  
  19  1:28  Orbital Command, Reaper  
  20  1:39  Command Center  
  20  1:50  Supply Depot  
  20  1:54  SCV  
  20  1:59  Marine  
  22  2:06  SCV  
  23  2:14  Factory  
  23  2:18  SCV  
  23  2:21  Barracks Reactor  
  24  2:30  SCV  
  25  2:44  Command Center  
  25  2:46  SCV  
  26  2:52  Orbital Command  
  26  2:58  SCV  
  27  3:05  Hellion x2  
  31  3:09  Barracks Tech Lab  
  31  3:10  SCV  
  32  3:18  SCV  
  32  3:19  Supply Depot  
  33  3:22  SCV  
  34  3:30  Marine, SCV, Hellion x2  
  34  3:34  Stimpack, SCV  
  41  3:42  SCV  
  41  3:46  SCV  
  43  3:54  SCV  
  44  3:55  Barracks  
  44  3:56  Orbital Command  
  44  3:58  Marine, Factory Reactor, SCV  
  44  4:00  Barracks  
  44  4:01  Refinery  
  46  4:07  SCV  
  47  4:10  SCV  
  47  4:13  Engineering Bay x2  
  48  4:19  Marine, SCV  
  48  4:22  SCV x2  
  52  4:30  Supply Depot  
  52  4:31  SCV  
  53  4:33  Refinery  
  53  4:34  SCV  
  53  4:35  Refinery  
  53  4:38  SCV  
  55  4:40  Marine, Terran Infantry Weapons Level 1, Starport  
  55  4:43  SCV  
  55  4:44  Marine  
  58  4:46  Marine  
  58  4:47  Factory Reactor  
  58  4:50  SCV  
  60  4:54  Marine x2  
  60  4:55  SCV  
  60  4:58  SCV  
  64  5:00  Supply Depot  
  64  5:02  Terran Infantry Armor Level 1  
  64  5:03  SCV  
  64  5:05  Marine  
  64  5:06  Marine  
  67  5:07  SCV  
  67  5:09  Marine  
  67  5:10  SCV  
  67  5:12  Marine  
  67  5:14  Marine  
  72  5:15  Combat Shield, SCV  
  73  5:23  Orbital Command  
  73  5:24  Supply Depot  
  73  5:26  Marine  
  73  5:27  Barracks  
  74  5:28  Barracks  
  74  5:29  Marine x2  
  74  5:30  Factory Reactor  
  76  5:36  Medivac x2  
  76  5:39  SCV  
  76  5:40  SCV  
  76  5:41  Marine  
  83  5:43  Marine  
  83  5:45  Marine  
  83  5:46  Supply Depot  
  83  5:48  SCV  
  86  5:50  Marine  
  86  5:52  SCV x2  
  89  5:57  Supply Depot  
  89  5:59  Supply Depot  
  89  6:01  Marine  
  89  6:02  SCV  
  89  6:03  Marine  
  89  6:04  SCV  
  93  6:08  Medivac x2, Widow Mine x2  
  101  6:16  Barracks Reactor x2, Supply Depot  
  101  6:19  Marine, SCV x3  
  101  6:23  Marine  
  101  6:24  Marine x2  
  108  6:31  SCV  
  102  6:35  Marine  
  102  6:37  Marine  
  99  6:40  SCV, Widow Mine x2  
  99  6:41  SCV  
  99  6:45  Armory  
  94  6:47  Marine  
  94  6:48  Marine  
  94  6:53  Marine  
  94  6:54  SCV x2  
  93  6:57  SCV  
  93  6:58  Marine x3  
  93  6:59  Marine  
  93  7:00  Medivac x2  
  103  7:03  Widow Mine x2  
  103  7:06  SCV x2  
  109  7:09  SCV  
  109  7:10  Marine x2  
  109  7:12  Marine x2  
  114  7:15  Factory  
  112  7:24  Marine  
  112  7:26  SCV  
  112  7:29  Marine  
  113  7:30  Marine  
  113  7:31  SCV  
  113  7:33  Marine x2, SCV  
  113  7:34  Widow Mine x2  
  114  7:38  SCV, Supply Depot  
  114  7:40  Marine x2  
  114  7:41  Terran Infantry Weapons Level 2  
  114  7:43  SCV  
  114  7:44  Marine, Terran Infantry Armor Level 2  
  118  7:51  SCV  
  118  7:54  Marine x2  
  105  8:01  SCV  
  105  8:05  Marine  
  102  8:06  Widow Mine x2  
  102  8:07  Factory Tech Lab  
  102  8:09  SCV  
  102  8:10  Marine x2, SCV  
  102  8:11  Marine x2  
  111  8:13  Orbital Command  
  111  8:14  Liberator  
  111  8:15  Liberator  
  111  8:17  Refinery  
  111  8:18  Marine x2  
  118  8:20  SCV  
  118  8:21  Marine  
  118  8:25  Marine  
  118  8:30  SCV  
  118  8:33  Marine x2, Drilling Claws  
  101  8:34  Widow Mine  
  101  8:35  SCV  
  101  8:37  Marine  
  101  8:39  Widow Mine x2  
  103  8:42  SCV  
  103  8:43  Marine x2  
  103  8:45  SCV  
  102  8:49  Marine, SCV  
  102  8:54  SCV  
  102  8:55  Marine x2  
  107  8:56  Marine  
  107  8:57  SCV  
  107  9:00  Marine x2  
  111  9:07  Marine  
  111  9:09  Marine, SCV  
  113  9:13  SCV x2  
  113  9:16  Marine x2  
  111  9:17  Widow Mine x2  
  111  9:21  SCV  
  111  9:22  Marine  
  111  9:24  Marine  
  112  9:25  SCV  
  112  9:26  Marine x2, SCV  
  112  9:27  Marine  
  112  9:29  Widow Mine  
  112  9:30  Marine  
  114  9:33  SCV  
  114  9:35  Orbital Command, Marine  
  114  9:37  SCV  
  99  9:39  Widow Mine  
  99  9:40  Marine x3  
  103  9:45  SCV  
  103  9:46  Marine  
  98  9:53  Marine  
  98  9:54  Marine x2  
  98  9:55  Widow Mine  
  98  9:56  Marine  
  101  10:01  Medivac x2, Widow Mine  
  101  10:03  SCV x2  
  101  10:06  Marine  
  106  10:08  Marine  
  106  10:09  Marine  
  106  10:12  Marine  
  106  10:13  SCV  
  110  10:14  Marine  
  110  10:15  Marine  
  110  10:18  Widow Mine  
  110  10:21  Marine  
  111  10:25  SCV  
  111  10:28  Siege Tank  
  115  10:30  SCV x2  
  117  10:36  Marine, Supply Depot  
  117  10:37  Medivac  
  117  10:38  Marine  
  118  10:45  Marine  
  103  10:51  Marine  
  103  10:56  Widow Mine  
  95  10:59  Marine x3  
  95  11:00  Medivac, Widow Mine  
  95  11:01  Marine  
  95  11:03  Marine  
  98  11:04  Siege Tank  
  98  11:07  Marine, Medivac  
  104  11:12  Marine  
  104  11:13  Marine x2  
  104  11:15  SCV  
  104  11:17  Marine x2  
  104  11:21  Terran Infantry Weapons Level 3  
  104  11:23  Marine  
  105  11:25  Widow Mine  
  105  11:26  Marine  
  105  11:30  Marine x2  
  105  11:32  Marine  
  108  11:34  Widow Mine  
  108  11:38  Marine x2  
  108  11:39  Marine  
  105  11:40  SCV  
  105  11:41  SCV x2  
  105  11:45  Marine x2  
  100  11:52  Siege Tank, Marine, SCV  
  105  11:55  SCV  
  105  11:56  SCV  
  105  11:57  Marine  
  105  12:00  Marine, Supply Depot  
  109  12:04  Marine  
  109  12:05  SCV  
  109  12:06  Marine  
  109  12:08  Marine  
  113  12:11  Marine  
  112  12:16  Marine  
  112  12:19  Marine x2  
  112  12:21  SCV x3, Widow Mine x2  
  120  12:23  Marine, Supply Depot  
  120  12:24  Marine  
  120  12:28  Siege Tank  
  120  12:29  Marine  
  125  12:32  Marine  
  125  12:35  Marine  
  127  12:41  Marine  
  127  12:42  Marine x2  
  127  12:44  Widow Mine x2  
  134  12:45  Marine x2  
  134  12:46  Supply Depot  
  134  12:48  Marine  
  137  12:51  Marine x2  
  139  12:58  Terran Infantry Armor Level 3  
  139  13:01  Marine  
  118  13:19  Marine x3  
  107  13:20  Marine x2  
  107  13:21  Marine x2  
  107  13:23  Marine  
  107  13:25  Marine  
  107  13:26  Siege Tank  
  115  13:37  Marine  
  115  13:38  Marine  
  104  13:46  Marine x2  
  104  13:47  Marine x2  
  107  13:52  Marine  
  107  13:53  Marine x2  
  107  13:55  Marine, Widow Mine  
  109  13:57  Widow Mine  
  109  14:00  Marine  
  112  14:04  Marine  
  112  14:08  Marine  
  114  14:16  Marine  
  112  14:17  Marine  
  112  14:22  Marine x3  
  99  14:32  Marine  
  99  14:34  Marine  
  99  14:37  Marine  
  99  14:40  SCV  
  99  14:42  Marine  
  99  14:43  Marine  
  93  15:01  Marine x2  
  93  15:02  Marine x2  
  93  15:03  Siege Tank  
  93  15:04  Widow Mine  
  93  15:05  Marine  
  87  15:08  Marine  
  87  15:13  Marine x2  
  85  15:19  Marine x2  
  85  15:20  Marine  
  88  15:25  Marine  
  87  15:29  Marine  
  87  15:30  Marine x2  
  87  15:32  Marine  
  91  15:38  Marine  
  91  15:39  Marine x2  
  91  15:41  Widow Mine  
  91  15:42  Marine  
  89  15:43  Marine  
  89  15:46  Marine  
  89  15:48  Marine  
  92  15:52  Marine x2  
  92  15:53  Orbital Command  
  92  15:54  Liberator  
  98  15:59  Marine x2  
  99  16:05  Marine  
  99  16:09  Marine x2  
  92  16:17  Marine  
  93  16:19  Marine x2  
  93  16:24  Marine x2  
  95  16:28  SCV  
Show
View Real Time Build Order
Export as new Build Order

Reynor Zerg - Winner!

Build Orders: Hatch First 

Get SALT Encoding   

  12  0:00  Drone  
  13  0:11  Overlord  
  13  0:16  Drone  
  14  0:30  Drone x2  
  16  0:47  Drone  
  17  0:51  Drone  
  17  0:55  Hatchery  
  17  0:57  Drone  
  18  1:05  Extractor  
  17  1:12  Spawning Pool  
  17  1:15  Drone  
  17  1:18  Drone  
  18  1:27  Drone  
  19  1:38  Drone  
  20  1:48  Overlord  
  20  1:58  Queen  
  22  2:07  Queen, Zergling x2  
  22  2:08  Zergling x2  
  26  2:10  Drone  
  26  2:12  Metabolic Boost  
  27  2:18  Drone  
  27  2:21  Drone  
  29  2:30  Drone  
  29  2:31  Drone  
  29  2:35  Queen  
  33  2:40  Overlord  
  33  2:42  Drone, Queen  
  36  2:56  Overlord  
  36  2:59  Drone  
  36  3:01  Drone  
  36  3:04  Drone  
  39  3:06  Drone  
  39  3:07  Drone x2  
  42  3:16  Hatchery  
  42  3:18  Drone  
  42  3:19  Drone  
  43  3:24  Queen  
  43  3:27  Overlord  
  45  3:30  Drone  
  45  3:33  Drone  
  47  3:35  Queen  
  47  3:37  Drone  
  50  3:43  Drone x2  
  50  3:46  Overlord  
  50  3:48  Drone  
  53  3:50  Drone  
  53  3:53  Zergling x6  
  56  3:57  Zergling x2  
  56  4:00  Queen  
  56  4:02  Overlord  
  59  4:07  Drone  
  59  4:09  Drone  
  61  4:12  Queen  
  63  4:17  Overlord  
  63  4:20  Drone  
  64  4:28  Overlord  
  64  4:29  Extractor, Drone, Queen  
  66  4:31  Drone  
  66  4:34  Drone  
  66  4:36  Drone x2  
  66  4:38  Lair, Drone  
  70  4:42  Zergling x2  
  70  4:45  Zergling x6  
  75  4:47  Drone  
  75  4:50  Queen  
  78  4:54  Drone, Baneling Nest  
  78  4:57  Drone x2  
  80  5:00  Drone x2  
  80  5:01  Drone  
  80  5:03  Overlord  
  80  5:06  Drone  
  84  5:07  Zergling x2  
  84  5:09  Extractor, Zergling x4  
  84  5:12  Drone  
  87  5:14  Overlord  
  87  5:16  Zergling x2  
  87  5:19  Drone  
  89  5:22  Overlord  
  89  5:23  Zergling x2  
  89  5:24  Zergling x2  
  89  5:26  Zergling x2  
  94  5:29  Overlord  
  94  5:32  Zergling x2  
  94  5:34  Zergling x2  
  96  5:36  Drone  
  96  5:38  Evolution Chamber  
  96  5:39  Evolution Chamber  
  96  5:40  Drone x4  
  99  5:43  Centrifugal Hooks  
  99  5:47  Drone  
  98  5:50  Drone  
  98  5:52  Zergling x6  
  98  5:55  Drone x2  
  98  5:56  Drone  
  104  5:57  Drone  
  104  5:59  Drone  
  104  6:03  Hatchery  
  102  6:05  Extractor  
  102  6:08  Zerg Melee Weapons Level 1, Zerg Ground Armor Level 1  
  102  6:10  Zergling x8  
  105  6:13  Spore Crawler  
  105  6:14  Zergling x6  
  105  6:15  Zergling x2  
  108  6:21  Overlord  
  108  6:23  Zergling x4  
  108  6:25  Zergling x6  
  108  6:34  Zergling x8  
  108  6:38  Zergling x10  
  104  6:40  Queen  
  98  6:47  Zergling x4  
  98  6:49  Zergling x2  
  98  6:52  Queen x2  
  105  6:56  Zergling x2  
  105  6:57  Zergling x4  
  105  7:00  Drone x3  
  111  7:02  Drone  
  111  7:03  Drone x2  
  111  7:08  Baneling x7  
  114  7:09  Baneling x8  
  114  7:10  Baneling x3, Overseer  
  114  7:11  Zergling x4  
  114  7:12  Zergling x2  
  114  7:15  Drone  
  118  7:21  Queen  
  120  7:26  Zergling x20  
  128  7:31  Zergling x6  
  128  7:34  Zergling x2  
  128  7:44  Overlord, Baneling x11  
  128  7:45  Zergling x6  
  128  7:48  Queen x2  
  128  7:50  Zergling x4  
  131  7:52  Zergling x4  
  131  7:53  Zergling x4  
  131  7:55  Zergling x2  
  123  7:59  Queen x2  
  123  8:03  Zergling x12  
  129  8:07  Zerg Ground Armor Level 2  
  129  8:10  Zergling x6  
  125  8:16  Zergling x2  
  125  8:19  Zergling x4  
  128  8:20  Zergling x6  
  128  8:24  Zergling x4  
  129  8:28  Zergling x4  
  129  8:29  Queen  
  129  8:31  Zergling x2  
  129  8:32  Zergling x10  
  129  8:34  Zerg Melee Weapons Level 2  
  123  8:37  Zergling x4  
  123  8:40  Hatchery, Zergling x6  
  121  8:42  Zergling x2  
  121  8:47  Zergling x6  
  124  8:51  Pneumatized Carapace  
  124  8:55  Queen  
  124  8:56  Zergling x8  
  124  8:59  Baneling x3  
  124  9:00  Baneling x5  
  130  9:04  Zergling x2  
  130  9:09  Drone x5  
  134  9:15  Zergling x10  
  133  9:17  Zergling x6  
  133  9:20  Zergling x6  
  133  9:22  Zergling x4  
  137  9:27  Zergling x2  
  137  9:29  Queen  
  134  9:32  Zergling x4  
  134  9:36  Zergling x2  
  134  9:37  Overseer x2  
  123  9:40  Zergling x4  
  123  9:42  Queen  
  123  9:43  Zergling x2  
  124  9:48  Zergling x2  
  124  9:50  Zergling x2  
  124  9:52  Zergling x2  
  124  9:53  Spore Crawler  
  124  9:57  Zergling x2  
  119  10:00  Zergling x4  
  119  10:01  Queen, Zergling x2  
  119  10:03  Zergling x4  
  126  10:09  Zergling x2  
  126  10:12  Zergling x4  
  126  10:13  Baneling x5  
  125  10:15  Drone x2  
  125  10:16  Drone x2  
  125  10:19  Drone  
  125  10:20  Queen  
  125  10:21  Drone x2  
  132  10:27  Zergling x6  
  135  10:30  Drone  
  135  10:35  Zergling x8  
  138  10:41  Zergling x6  
  138  10:45  Zergling x10  
  138  10:47  Zergling x4  
  138  10:48  Zergling x2  
  136  10:53  Drone x2  
  136  10:56  Queen x2  
  127  10:57  Drone x2  
  127  10:58  Overseer  
  127  11:00  Drone x3  
  127  11:02  Drone  
  123  11:06  Drone x2  
  123  11:08  Drone  
  123  11:09  Zergling x4  
  127  11:14  Drone x3  
  127  11:16  Baneling x6  
  127  11:17  Baneling x6  
  130  11:19  Drone x4  
  130  11:22  Spore Crawler  
  130  11:24  Drone, Spore Crawler  
  133  11:27  Zergling x8  
  133  11:28  Baneling  
  133  11:29  Baneling x2  
  133  11:30  Zergling x4  
  138  11:33  Zergling x2  
  138  11:36  Zergling x4  
  138  11:38  Drone  
  138  11:39  Drone  
  138  11:43  Zergling x12  
  140  11:47  Drone x4  
  140  11:48  Infestation Pit, Drone  
  140  11:51  Baneling x4  
  140  11:52  Zergling x2  
  145  11:56  Baneling x4  
  145  11:57  Drone x4  
  145  11:58  Overlord  
  145  11:59  Overlord  
  149  12:01  Extractor  
  149  12:02  Zergling x2  
  149  12:03  Overlord  
  144  12:13  Drone x6  
  150  12:16  Overlord  
  150  12:21  Spore Crawler  
  150  12:22  Spine Crawler, Zergling x24  
  160  12:25  Hive  
  160  12:27  Zergling x4  
  162  12:31  Zergling x4  
  162  12:32  Zergling x2  
  162  12:35  Burrow, Zergling x2  
  166  12:37  Zergling x2  
  166  12:42  Zergling x18  
  175  12:49  Baneling x16  
  175  12:50  Spine Crawler  
  175  12:51  Spine Crawler  
  173  12:54  Zergling x16  
  173  12:55  Hatchery, Zergling x2  
  173  12:57  Overlord x2  
  181  13:00  Overlord  
  178  13:09  Zergling x8  
  178  13:12  Overlord, Zergling x2  
  168  13:13  Zergling x10  
  168  13:15  Zergling x4  
  168  13:16  Zergling x2  
  164  13:20  Zergling x2  
  164  13:23  Zergling x8  
  164  13:24  Baneling x3  
  164  13:25  Baneling  
  164  13:26  Zergling x8  
  168  13:28  Zergling x4  
  168  13:30  Zergling x2  
  162  13:35  Zergling x4  
  162  13:37  Zergling x8  
  162  13:38  Zergling x2  
  156  13:44  Zergling x4  
  156  13:46  Zergling x6  
  156  13:47  Zergling x2  
  145  13:49  Zergling x2  
  145  13:51  Adrenal Glands  
  145  13:55  Zergling x10  
  142  13:57  Zergling x2  
  142  14:02  Zergling x14  
  148  14:04  Baneling x6, Queen  
  148  14:05  Baneling  
  148  14:06  Zergling x6  
  151  14:11  Zergling x8  
  151  14:12  Zergling x4  
  151  14:14  Baneling x5  
  151  14:15  Zergling x2  
  155  14:17  Zergling x2  
  155  14:21  Zergling x8  
  149  14:24  Zergling x4  
  149  14:29  Zergling x4  
  149  14:30  Queen x2  
  137  14:31  Zergling x6  
  137  14:37  Zergling x8  
  137  14:38  Zergling x6  
  132  14:44  Baneling x3  
  131  14:45  Zergling x8  
  131  14:50  Zergling x2  
  131  14:51  Baneling Nest  
  131  14:52  Overseer  
  132  14:56  Zergling x8  
  132  14:57  Zergling x2  
  132  14:59  Zergling x4  
  124  15:01  Zergling x2  
  124  15:03  Queen x2  
  124  15:05  Zergling x8  
  124  15:06  Zergling x2  
  131  15:08  Zergling x4  
  131  15:14  Zergling x8  
  132  15:16  Zergling x2  
  132  15:20  Zergling x8  
  137  15:30  Viper x2  
  137  15:31  Viper x2  
  137  15:32  Zergling x12  
  155  15:37  Baneling x11  
  155  15:38  Baneling  
  155  15:43  Baneling x3  
  155  15:55  Zergling x18  
  164  15:58  Overlord  
  161  16:08  Zergling x24  
  161  16:16  Zergling x2  
  161  16:17  Zergling x26  
  171  16:23  Baneling x3  
  171  16:24  Baneling  

Tags
 
Add a new tag
Caveats
  • Supply blocks, unpowered buildings, or Contaminate may cause inaccurate times.
  • Supply counts are checked every 10 seconds.